 Dungeon Crawl Stone Soup version 0.29-a0-322-g68df515428 (webtiles) character file.

Game seed: 1485507301886823458

263 Morbidden the Sneak (level 5, -2/40 (41) HPs)
             Began as a Demonspawn Brigand on Apr 8, 2022.
             Splashed by a jelly's acid (8 damage)
             ... on level 5 of the Dungeon.
             The game lasted 00:04:43 (4523 turns).

Morbidden the Sneak (Demonspawn Brigand)            Turns: 4523, Time: 00:04:44

HP:   -2/40 (41)    AC: -1    Str: 12    XL:     5   Next: 97%
MP:   6/6           EV: 12    Int: 14    God:
Gold: 211           SH:  0    Dex: 14    Spells: 6/6 levels left

rFire   . . .      SeeInvis .   b - +1 short sword (flame)
rCold   + . .      Faith    .   (no shield)
rNeg    . . .      Spirit   .   v - +0 leather armour {rC+}
rPois   .          Reflect  .   (no helmet)
rElec   .          Harm     .   c - +0 cloak
rCorr   .          Rampage  .   u - +0 pair of gloves
Will    .....                   s - +0 pair of boots
Stlth   ++........              (no amulet)
HPRegen 0.13/turn               (no ring)
MPRegen 0.10/turn               (no ring)

@: corroded, lightly drained
A: powered by death 2
a: no special abilities


You were on level 5 of the Dungeon.
You visited 2 branches of the dungeon, and saw 6 of its levels.

You collected 211 gold pieces.

Inventory:

Hand Weapons
 a - a +2 dagger
 b - a +1 short sword of flaming (weapon)
Missiles
 d - 11 poisoned darts
 e - a curare-tipped dart (quivered)
Armour
 c - a +0 cloak (worn)
 s - a +0 pair of boots (worn)
 u - a +0 pair of gloves (worn)
 v - a +0 leather armour of cold resistance (worn)
Wands
 w - a wand of iceblast (8)
Scrolls
 h - 2 scrolls of teleportation {unknown}
 i - 11 scrolls of identify
 j - 2 scrolls of enchant weapon {unknown}
 k - a scroll of immolation {unknown}
 l - a scroll of fear {unknown}
 m - a scroll of vulnerability {unknown}
 o - a scroll of fog {unknown}
 t - a scroll of blinking
Potions
 f - 5 potions of curing
 g - a potion of heal wounds {unknown}
 n - a potion of cancellation {unknown}
 p - 3 potions of lignification {unknown}
 q - a potion of brilliance {unknown}
 r - a potion of degeneration {unknown}
 x - a potion of resistance {unknown}
 z - 2 potions of mutation {unknown}


   Skills:
 * Level 3.2 Fighting
 * Level 3.0(3.2) Short Blades
 * Level 1.2(2.3) Long Blades
 + Level 2.1 Throwing
 + Level 0.9 Armour
 * Level 2.1 Dodging
 + Level 4.2 Stealth
 * Level 1.3 Spellcasting


You had 6 spell levels left.
You didn't know any spells.
Your spell library contained the following spells:

 Spells                   Type           Power      Damage    Failure   Level
 Magic Dart               Conj           0%         1d3       32%         1
 Searing Ray              Conj           0%         2d4       45%         2
 Gell's Gravitas          Tloc           0%         N/A       69%         3
 Lesser Beckoning         Tloc           0%         N/A       69%         3
 Teleport Other           Tloc           0%         N/A       69%         3
 Fulminant Prism          Conj/Hex       0%         3d6       97%         4


Dungeon Overview and Level Annotations

Branches:
Dungeon (5/15)             Temple (1/1) D:4

Altars:
Ashenzari
Fedhas
Gozag
Kikubaaqudgha
Nemelex Xobeh
Okawaru
Qazlal
Sif Muna
Vehumet
Wu Jian
Xom
Yredelemnul
Zin
The Shining One

Shops:
D:1 :([(


Innate Abilities, Weirdness & Mutations

You regenerate health from kills.


Message History

The curare-tipped dart hits the two-headed ogre.
The two-headed ogre is poisoned.
The two-headed ogre convulses.
The two-headed ogre seems to slow down.
The two-headed ogre is severely wounded.
Unknown command.
The necrophage closely misses you.
The necrophage attacks as you move away!
The necrophage completely misses you.
The necrophage hits you but does no damage.
The necrophage attacks as you move away!
The necrophage hits you.
There is an open door here.
You hit the necrophage. You burn the necrophage.
The necrophage is lightly damaged.
You closely miss the necrophage.
The necrophage is lightly damaged.
The necrophage hits you.
You barely miss the necrophage.
The necrophage is lightly damaged.
The necrophage hits you.
A jelly comes into view.
The two-headed ogre is no longer moving slowly.
The two-headed ogre looks more healthy.
The necrophage attacks as you move away!
The necrophage hits you but does no damage.
You hit the jelly. You burn the jelly. The acid corrodes you!
Your hands burn!
The jelly is moderately wounded.
The jelly closely misses you. The necrophage hits you.
You feel drained.
Unknown command.
The necrophage barely misses you. The two-headed ogre barely misses you.
The two-headed ogre hits you with a +0 giant club!!
Ouch! That really hurt!
* * * LOW HITPOINT WARNING * * *
Unknown command.
The necrophage attacks as you move away!
The necrophage barely misses you. The jelly attacks as you move away!
The jelly hits you.
* * * LOW HITPOINT WARNING * * *
The acid corrodes you!
You are splashed with acid!
You die...

.....># #...#
###...######..##
...............# ###
###(.........#.####. ....
# #......................
###..........##.###......
.............'..O..(((...
###..........##nJ##......
.............###@# #####
###..........# #..#
#######'#### ##.# #.# ..
###### #.# #.# .....# #.#
.# .....####.# ..
.........[# #.#
..........#


You could see a two-headed ogre, a necrophage and a jelly.

Vanquished Creatures
  A kobold brigand (D:3)
  A hound (D:4)
  2 orc wizards
  3 adders
  A worm (D:3)
  2 dart slugs
  9 orcs
  3 ball pythons
  7 bats
  5 endoplasms
  5 giant cockroaches
  3 goblins
  6 hobgoblins
  3 jackals (D:2)
  6 kobolds
  2 quokkas
  A frilled lizard (D:1)
  5 rats
65 creatures vanquished.

Notes
Turn   | Place    | Note
-------+----------+-------------------------------------------
     0 | D:1      | Morbidden the Demonspawn Brigand began the quest for the
                  | Orb.
     0 | D:1      | Reached XP level 1. HP: 16/16 MP: 1/1
   357 | D:1      | Found Saoloija's Armour Shoppe.
   578 | D:1      | Found Dybeica's Antique Weapon Shoppe.
   591 | D:1      | Gained mutation: You regenerate a little health from kills.
                  | [demonic ancestry]
   591 | D:1      | Reached XP level 2. HP: 18/22 MP: 2/2
   597 | D:1      | Reached skill level 1 in Dodging
   693 | D:1      | Found Loseejat's Book Shop.
   791 | D:1      | Found a faded altar of an unknown god.
   864 | D:1      | Found Ackecs's Antique Weapon Boutique.
  1345 | D:2      | Reached skill level 4 in Stealth
  1431 | D:2      | Reached XP level 3. HP: 26/28 MP: 3/3
  2495 | D:3      | Found an opulent altar of Gozag.
  2986 | D:4      | Noticed a kobold brigand
  2994 | D:3      | Killed a kobold brigand
  2995 | D:3      | Reached XP level 4. HP: 26/34 MP: 3/5
  2995 | D:3      | Gained mutation: You regenerate health from kills. [demonic
                  | ancestry]
  2995 | D:3      | Reached XP level 5. HP: 31/40 MP: 3/6
  3146 | D:4      | Found a staircase to the Ecumenical Temple.
  3197 | D:4      | Reached skill level 1 in Spellcasting
  3240 | Temple   | Entered the Ecumenical Temple
  3483 | D:4      | Reached skill level 1 in Long Blades
  3591 | D:4      | You fall into a shaft and drop 1 floor!
  3591 | D:5      | Entered Level 5 of the Dungeon
  4055 | D:4      | HP: 1/41 [orc/+0 trident (5)]
  4470 | D:5      | Noticed a two-headed ogre
  4523 | D:5      | Splashed by a jelly's acid

Illustrated notes

Levels and vault maps discovered:
D:1:      lemuel_arrival_tunnels, layout_rooms, serial_shops,
          nicolae_shop_behind_doors, shop, nicolae_square_shop, shop,
          shapermc_ecumenical_altar_totnotflames
D:2:      layout_basic, chequers_decorated_corner, minmay_heptomino_d4
D:3:      layout_loops_ring, mainiacjoe_overflow_catwalk
D:4:      layout_basic, minmay_temple_entry_arrows
D:5:      layout_basic, chequers_arboretum, minmay_statues_item
Temple:   dshaligram_water_room_temple

Skill      XL: |  1  2  3  4  5 |
---------------+----------------+-----
Dodging        | 1 2 |  2.1
Short Blades   | 2 3 |  3.0
Stealth        | 4 |  4.2
Throwing       | 2 |  2.1
Spellcasting   | 1 |  1.3
Fighting       | 3 |  3.2
Long Blades    | 1 |  1.2
Armour         | |  0.9

Action                   |  1- 3 |  4- 6 || total
-------------------------+-------+-------++-------
Melee: Dagger            |    79 |       ||    79
       Punch             |     2 |       ||     2
       Short sword       |    76 |    68 ||   144
Throw: Dart              |    19 |    20 ||    39
  Use: Scroll            |     1 |       ||     1
       Potion            |       |     2 ||     2
 Stab: Sleeping          |     8 |     2 ||    10
Armor: Robe              |    49 |       ||    49
       Leather armour    |     2 |    44 ||    46
Dodge: Dodged            |    93 |    43 ||   136

Table legend: (Time is in decaauts)
 A = Elapsed time spent in this place.
 B = Non-inter-level travel time spent in this place.
 C = Inter-level travel time spent in this place.
 D = Time resting spent in this place.
 E = Time spent auto-exploring this place.
 F = Levels seen in this place.
 G = Mean time per level.
                   A        B        C        D        E       F      G
               +--------+--------+--------+--------+--------+-----+--------+
         Total |   4507 |   4346 |    161 |     27 |   3536 |   6 |  751.2 |
       Dungeon |   4321 |   4182 |    139 |     27 |   3383 |   5 |  864.2 |
        Temple |    185 |    163 |     22 |      0 |    153 |   1 |  185.0 |
               +--------+--------+--------+--------+--------+-----+--------+

Top non-repeatable levels by time:
     D:1: 1190 daAuts
     D:4: 1110 daAuts
     D:2: 969 daAuts
     D:3: 852 daAuts
     D:5: 199 daAuts
  Temple: 185 daAuts
